 Dungeon Crawl Stone Soup version 0.26.1-11-gd32895ea62 (webtiles) character file.

Game seed: 7602571341212351978

144 Zeld the Slasher (level 5, -2/38 HPs)
             Began as a Human Gladiator on June 4, 2021.
             Slain by an orc wizard
             ... wielding a +0 dagger of venom
              (3 damage)
             ... on level 3 of the Dungeon.
             The game lasted 00:01:49 (2981 turns).

Zeld the Slasher (Human Gladiator)                  Turns: 2981, Time: 00:01:50

Health: -2/38      AC:  4    Str: 16    XL:     5   Next: 51%
Magic:  5/5        EV: 13    Int:  8    God:
Gold:   82         SH:  0    Dex: 14    Spells: 4/4 levels left

rFire    . . .     SeeInvis .   a - +0 long sword
rCold    . . .     Faith    .   (no shield)
rNeg     . . .     Spirit   .   b - +0 leather armour
rPois    .         Reflect  .   c - +0 helmet
rElec    .         Harm     .   (no cloak)
rCorr    .         Rampage  .   (no gloves)
Will     .....                  (no boots)
Stlth    +.........             (no amulet)
HPRegen  0.12/turn              (no ring)
MPRegen  0.09/turn              (no ring)

@: lethally poisoned (-2 -> -29)
A: no striking features
a: no special abilities


You were on level 3 of the Dungeon.
You visited 1 branch of the dungeon, and saw 3 of its levels.

You collected 82 gold pieces.

Inventory:

Hand Weapons
 a - a +0 long sword (weapon)
Missiles
 d - 3 throwing nets (quivered)
 k - 6 boomerangs
Armour
 b - a +0 leather armour (worn)
 c - a +0 helmet (worn)
Jewellery
 e - an uncursed amulet of the acrobat {unknown}
Scrolls
 f - 5 scrolls of identify {unknown}
 h - 2 scrolls of remove curse {unknown}
 j - a scroll of fear {unknown}
 n - a scroll of immolation {unknown}
Potions
 g - 4 potions of curing {unknown}
 i - a potion of ambrosia {unknown}
 l - a potion of lignification {unknown}
 m - a potion of heal wounds {unknown}
 o - a potion of berserk rage {unknown}


   Skills:
 - Level 2.0 Fighting
 * Level 5.8 Long Blades
 - Level 2.0 Throwing
 - Level 3.0 Dodging


You had 4 spell levels left.
You didn't know any spells.
Your spell library was empty.

Dungeon Overview and Level Annotations

Branches:
Dungeon (3/15)

Altars:
Qazlal


Message History

* * * LOW HITPOINT WARNING * * *
You feel sick.
The orc wizard hits you but does no damage.
Unknown command.
Press: ? - help, v - describe, . - travel, g - get item
Here: an orc wizard, wielding a +0 dagger of venom and wearing a +0 robe (heavily wounded)
Items here: a +0 leather armour; an orc corpse.
The floor, spattered with blood.
You miss the orc wizard.
The orc wizard is heavily wounded.
* * * LOW HITPOINT WARNING * * *
You feel very sick.
The orc wizard hits you with a +0 dagger of venom.
* * * LOW HITPOINT WARNING * * *
You're too confused to move!
You feel less confused.
* * * LOW HITPOINT WARNING * * *
You feel very sick.
The orc wizard hits you with a +0 dagger of venom.
You die...

### ..# #.# #######.#
........# #[# #....##.##
#.# ........S#########.#
.......oho@......#.#
#....##o########.#.# ..###
#.# #.#.# ....!..)..# #S#
#.#.#
........#.###.########.#.#
#.......#...rh...........#
#.......#..##o########.###
#.......#..##.# #.#
......h.#..##.# #.#


You could see an orc wizard, an adder, 2 orcs and a jackal.

Vanquished Creatures
  Jessica (D:2)
  6 adders
  2 worms (D:2)
  2 orcs
  11 giant cockroaches
  7 goblins
  4 hobgoblins
  6 jackals (D:2)
  4 bats (D:2)
  3 frilled lizards (D:2)
  5 kobolds
51 creatures vanquished.

Notes
Turn   | Place    | Note
-------+----------+-------------------------------------------
     0 | D:1      | Zeld the Human Gladiator began the quest for the Orb.
     0 | D:1      | Reached XP level 1. HP: 16/16 MP: 1/1
   533 | D:1      | Reached XP level 2. HP: 22/22 MP: 2/2
  1092 | D:2      | Reached skill level 4 in Long Blades
  1092 | D:2      | Reached XP level 3. HP: 20/27 MP: 3/3
  1398 | D:2      | Found a stormy altar of Qazlal.
  1402 | D:2      | Noticed a water elemental
  1403 | D:2      | Noticed an earth elemental
  1403 | D:2      | Noticed an air elemental
  1403 | D:2      | Noticed a fire elemental
  1455 | D:2      | Noticed Jessica
  1456 | D:2      | Reached XP level 4. HP: 28/33 MP: 4/4
  1465 | D:2      | Killed Jessica
  1466 | D:2      | Reached skill level 5 in Long Blades
  1795 | D:2      | Reached XP level 5. HP: 33/38 MP: 5/5
  2981 | D:3      | HP: 1/38 [poisoned by an orc wizard]
  2981 | D:3      | Slain by an orc wizard

Illustrated notes

Levels and vault maps discovered:
D:1:      dpeg_arrival_arbitrary_c, layout_loops_corners
D:2:      minmay_roachtagon, layout_basic, nicolae_qazlal_style_of_elements,
          uniq_jessica
D:3:      minmay_wonky_spiral, layout_basic, uniq_grinder, uniq_robin, uniq_ijyb

Skill      XL: |  1  2  3  4 |
---------------+-------------+-----
Long Blades    | 4 5 |  5.8
Fighting       | |  2.0
Throwing       | |  2.0
Dodging        | |  3.0

Action                   |  1- 3 |  4- 6 || total
-------------------------+-------+-------++-------
Melee: Long sword        |    74 |    83 ||   157
 Stab: Sleeping          |       |     1 ||     1
Armor: Leather armour    |    34 |    21 ||    55
Dodge: Dodged            |    86 |    79 ||   165
       Rpst.: Long sword |    21 |    28 ||    49
